[Event "*** Titled Tuesday Blitz"]
[Site "Chess.com"]
[Date "2020.10.27"]
[Round "11"]
[White "WildTricks"]
[Black "Ranindu2003"]
[Result "0-1"]
[WhiteElo "2401"]
[BlackElo "2545"]
[TimeControl "180+1"]
[EndTime "12:06:15 PDT"]
[Termination "Ranindu2003 won by resignation"]

1. Nf3 Nf6 2. g3 e6 3. Bg2 d5 4. O-O Be7 5. c4 O-O 6. d4 dxc4 7. Ne5 c5 8. dxc5 Qc7 9. Nxc4 Qxc5 10. b3 Rd8 11. Qc2 Nc6 12. Nc3 Qh5 13. Be3 e5 14. Rfd1 Bf5 15. Qb2 Ng4 16. h4 Bxh4 17. gxh4 Qxh4 18.
Nd5 Qh2+ 19. Kf1 Nxe3+ 20. Ncxe3 Bh3 21. f3 Nd4 22. Kf2 Bxg2 23. Nxg2 Qh6 24. Rh1 Qd6 25.
e4 Rac8 26. Rac1 Kh8 27. Nge3 Rxc1 28. Qxc1 Qa6 29. Qc7 Qe2+ 30. Kg3 Qxf3+ 31. Kh2 Re8 32. Rg1 Ne2 33. Rg4 Qf2+ 34. Kh3 Ng1+ 35. Rxg1 Qxg1 36. Qxf7 Rg8 37. Ne7 Qxe3+ 38. Kh2 Qe2+ 39. Kg3 Rd8 40. Nd5 Qe1+ 41. Kf3 Qf1+ 0-1

[Event "*** Titled Tuesday Blitz"]
[Site "Chess.com"]
[Date "2020.10.27"]
[Round "11"]
[White "Sibelephant"]
[Black "KuzubovYuriy"]
[Result "1-0"]
[WhiteElo "3080"]
[BlackElo "2886"]
[TimeControl "180+1"]
[EndTime "12:06:16 PDT"]
[Termination "Sibelephant won by checkmate"]

1. Nf3 d5 2. e3 c6 3. c4 Bg4 4. Qb3 Bxf3 5. gxf3 Qd7 6. Nc3 e6 7. d4 Nf6 8. Rg1 g6 9. e4 Bg7 10. Be3 O-O 11. O-O-O dxc4 12. Bxc4 b5 13. Be2 a5 14. Kb1 a4 15. Qc2 a3 16. b3 Na6 17. Qd2 Rfd8 18.
Bg5 Rdc8 19. h4 Qb7 20. e5 Nd5 21. Ne4 c5 22. Nd6 Qb6 23. Nxc8 Rxc8 24. dxc5 Rxc5 25. Be3 Bxe5 26. Rc1 Rxc1+ 27. Rxc1 Qd8 28. Bxb5 Nab4 29. Bc4 Bg7 30. Bxd5 Nxd5 31. Rc4 h5 32. Bd4 Ne7 33. Qc3 Bxd4 34. Qxd4 Qa8 35. Qe4 Nd5 36. Qc2 Qa5 37. b4 Qb6 38. Qd2 Qb5 39. Qd4 Kh7 40. Kc2 e5 41.
Qc5 Qa4+ 42. Kd2 Nf4 43. Qe7 Kg7 44. Rc7 Kh6 45. Qf8+ Kh7 46. Rxf7# 1-0

[Event "*** Titled Tuesday Blitz"]
[Site "Chess.com"]
[Date "2020.10.27"]
[Round "11"]
[White "WiktoriaPOL"]
[Black "canary2016"]
[Result "1-0"]
[WhiteElo "2081"]
[BlackElo "1937"]
[TimeControl "180+1"]
[EndTime "12:06:19 PDT"]
[Termination "WiktoriaPOL won on time"]

1. c4 c6 2. Nf3 d5 3. e3 Nf6 4.
Nc3 e6 5. b3 Bd6 6. Bb2 O-O 7.
Be2 Nbd7 8. O-O Qc7 9. Rc1 Nc5 10. d4 Nce4 11. cxd5 exd5 12. Nb5 Qd7 13. Nxd6 Nxd6 14.
Ne5 Qe7 15. Ba3 Bf5 16. Bd3 Bxd3 17. Qxd3 Rfd8 18. Qc2 Qe6 19. Nd3 Nb5 20. Bb2 Nd7 21. a4 Nd6 22. Nc5 Nxc5 23. dxc5 Ne4 24. f3 Nf6 25. Qc3 Re8 26. Rce1 Rad8 27. Qd4 Re7 28. e4 Red7 29. exd5 Qxd5 30. Qc3 Qf5 31. Re5 Qg6 32. Rfe1 Rd3 33. Qc2 h6 34. R5e2 Nd5 35. Re8+ Rxe8 36. Rxe8+ Kh7 37. Re4 Ne3 38. Qe2 Rd1+ 39. Kf2 Qxg2+ 40.
Kxe3 Qxe2+ 41. Kxe2 Rb1 42. Bd4 Rxb3 43. Re7 Kg6 44. Rd7 Rb4 45. Kd3 Rxa4 46. Rxb7 Ra6 47. Rc7 Ra3+ 48. Ke4 Ra6 49. h4 1-0

[Event "*** Titled Tuesday Blitz"]
[Site "Chess.com"]
[Date "2020.10.27"]
[Round "11"]
[White "Karateloru"]
[Black "Arseniy_Nesterov"]
[Result "1-0"]
[WhiteElo "2699"]
[BlackElo "2796"]
[TimeControl "180+1"]
[EndTime "12:06:20 PDT"]
[Termination "Karateloru won by resignation"]

1. Nf3 d5 2. e3 Nf6 3. c4 c6 4. b3 e6 5. Bb2 Bd6 6. d4 O-O 7. Bd3 Nbd7 8. O-O b6 9. Nbd2 Bb7 10.
Qc2 Qe7 11. e4 dxe4 12. Nxe4 Nxe4 13. Bxe4 f5 14. Bd3 c5 15. d5 exd5 16. Bxf5 d4 17. Rfe1 Qd8 18. Bxh7+ Kh8 19. Be4 Bxe4 20. Rxe4 Rxf3 21.
gxf3 Ne5 22. Kh1 Qf6 23. Qe2 Rf8 24. f4 Ng6 25. Qh5+ Kg8 26. f5 Qxf5 27. Qxf5 Rxf5 28. Re6 Nh4 29. Rxd6 Rxf2 30. Rd8+ Kh7 31. Bxd4 cxd4 32. Kg1 Rd2 33. Rf1 d3 34. Rf4 g5 35. Rf6 Kg7 36.
Rf2 Rd1+ 37. Rf1 Rd2 38. Rd6 g4 39. Rf4 Nf3+ 40. Kf1 Nxh2+ 41. Ke1 Rxa2 42. Rxd3 Nf3+ 43. Kd1 Ra1+ 44. Ke2 Ra2+ 45. Ke3 Ne5 46. Rd5 Nc6 47. Rxg4+ Kf6 48. Rf4+ Ke6 49. Re4+ Kf7 50. Rd7+ Kf8 51. Rh4 Kg8 52. Rhh7 Rb2 53. Rdg7+ Kf8 54. Rc7 Rxb3+ 55. Kd2 Kg8 56. Rhd7 1-0

[Event "*** Titled Tuesday Blitz"]
[Site "Chess.com"]
[Date "2020.10.27"]
[Round "11"]
[White "pavelalexandru07"]
[Black "oogee"]
[Result "1-0"]
[WhiteElo "2347"]
[BlackElo "2209"]
[TimeControl "180+1"]
[EndTime "12:06:20 PDT"]
[Termination "pavelalexandru07 won by checkmate"]

1. e4 c5 2. Nf3 g6 3. d4 Bg7 4. dxc5 Nf6 5. Nc3 Qa5 6. Bd3 Na6 7. a3 Nxc5 8. b4 Nxd3+ 9. Qxd3 Qc7 10. O-O O-O 11.
Be3 d6 12. h3 Be6 13. Rfe1 Rfc8 14. Bd4 Bc4 15. Qd2 e5 16. Be3 Rd8 17. Bg5 Rac8 18. Rad1 Be6 19. Nb5 Qb6 20. Nxd6 Rc6 21. Nc4 Rxd2 22.
Nxb6 Rxd1 23. Rxd1 axb6 24. Rd8+ Bf8 25. Bh6 Nd7 26. Nxe5 f6 27. Nxd7 Kf7 28. Nxf8 Ke7 29. Nxe6 Rxe6 30. Rb8 Rxe4 31. Rxb7+ Ke6 32. Rxb6+ Kd5 33.
Kh2 Re2 34. Be3 Rxc2 35. Rxf6 Ra2 36. Rf7 h5 37. Rg7 Rxa3 38. Rxg6 h4 39. Rg5+ Ke4 40. Rg4+ Kd3 41. Rxh4 Ke2 42. b5 Rb3 43. b6 Rb5 44. Rd4 Kf1 45. Rd1+ Ke2 46. Rd2+ Kf1 47. Rd7 Ke2 48.
b7 Kf1 49. Bf4 Rb2 50. b8=Q Rxf2 51. Qb1+ Ke2 52. Rd2# 1-0

[Event "*** Titled Tuesday Blitz"]
[Site "Chess.com"]
[Date "2020.10.27"]
[Round "11"]
[White "Margency"]
[Black "Zhani-Z"]
[Result "1-0"]
[WhiteElo "2668"]
[BlackElo "2532"]
[TimeControl "180+1"]
[EndTime "12:06:23 PDT"]
[Termination "Margency won on time"]

1. e4 e5 2. Nf3 Nc6 3. Nc3 Nf6 4.
Bb5 Bd6 5. O-O O-O 6. a3 a6 7. Bc4 h6 8. Ba2 Re8 9. Re1 Bc5 10. d3 d6 11. Be3 Be6 12. Bxc5 dxc5 13. Bxe6 Rxe6 14.
Nd2 Qd7 15. Nc4 Rd8 16. Ne3 Nd4 17. Rf1 b5 18. b4 Qc6 19. Ncd5 Qd6 20. c3 Nc6 21.
Nf5 Qf8 22. Nxc7 c4 23. Nxe6 fxe6 24. Ne3 Rxd3 25. Qc2 Nxe4 26. Rad1 Qd6 27. Rxd3 Qxd3 28. Qxd3 cxd3 29. Rd1 Nxc3 30. Rxd3 Nd4 31. f3 Kf8 32. Kf2 Nd5 33. Ng4 Nc6 34. Rd2 Ke7 35. Rc2 Kd6 36. Rc5 h5 37. Ne3 Nb6 38. Rc3 Nd5 39. Rd3 Nd4 40. h4 Nf5 41. Nd1 Nd4 42. Rd2 Nb6 43. Ne3 Nc4 44. Rd3 Nb6 45. f4 1-0

[Event "*** Titled Tuesday Blitz"]
[Site "Chess.com"]
[Date "2020.10.27"]
[Round "11"]
[White "PavelShkapenko"]
[Black "Gerodot71"]
[Result "1-0"]
[WhiteElo "2643"]
[BlackElo "2488"]
[TimeControl "180+1"]
[EndTime "12:06:24 PDT"]
[Termination "PavelShkapenko won by resignation"]

1. e4 e5 2. Nf3 Nc6 3. Bc4 Nf6 4. Ng5 d5 5. exd5 Na5 6. Bb5+ c6 7. dxc6 bxc6 8. Bd3 Bc5 9. O-O O-O 10. Nc3 Bb6 11. Nge4 Nxe4 12. Bxe4 f5 13. Bf3 e4 14.
Be2 Qh4 15. d3 Be6 16. dxe4 fxe4 17. Be3 Rad8 18. Qe1 Bc7 19. g3 Qh3 20. Nxe4 Bd5 21.
f3 Nc4 22. Bxc4 Bxc4 23. Rf2 Rde8 24. Qc3 Bd5 25. Raf1 h6 26. Bc5 Rf7 27. b3 Be5 28.
Qd3 Rd7 29. Qe2 Bb8 30. c4 Bf7 31. Rd1 Red8 32. Rxd7 Rxd7 33. Qf1 Qf5 34. Be3 Bg6 35.
Rd2 Rxd2 36. Nxd2 Qc2 37. a4 Bd3 38. Qa1 a5 39. Qd4 Bc7 40. Kg2 Bg6 41. Qd7 Be5 42. Qe6+ Kh7 43. Qxe5 c5 44. Qxc5 h5 45. h4 Bf5 46. Qxa5 Qd3 47. Kf2 Bh3 48. Qxh5+ Kg8 49. Qe8+ Kh7 50. Qe4+ 1-0

[Event "*** Titled Tuesday Blitz"]
[Site "Chess.com"]
[Date "2020.10.27"]
[Round "11"]
[White "Euge_chess"]
[Black "Cambek64"]
[Result "0-1"]
[WhiteElo "2086"]
[BlackElo "2307"]
[TimeControl "180+1"]
[EndTime "12:06:24 PDT"]
[Termination "Cambek64 won on time"]

1. e4 c5 2. c3 Qa5 3. Na3 Nf6 4.
Qc2 Nc6 5. Nf3 d6 6. Bb5 Bd7 7. O-O e5 8. d4 cxd4 9. cxd4 a6 10. Bxc6 Bxc6 11. d5 Bd7 12. Bd2 Qd8 13. Rfe1 Rc8 14. Qb3 b5 15. Nc2 Be7 16. Rac1 O-O 17. Nb4 Qb6 18.
Be3 Qb7 19. Nd2 Ng4 20. h3 Nxe3 21. Qxe3 h6 22. Qa3 Bg5 23. Rcd1 Ra8 24. Nf3 Bd8 25. Rc1 Bb6 26. Nc6 Bc5 27. Qc3 b4 28. Ne7+ Kh7 29. Qc2 Rfe8 30. Nf5 g6 31. Ng3 a5 32. Kh1 a4 33. Qe2 b3 34. a3 Bb5 35.
Qd1 Bxf2 36. Ne2 Bxe1 37. Qxe1 Bxe2 38. Qxe2 Rac8 39. Rf1 Rc2 40. Qe3 Rxb2 41. Nh4 Rc2 42. Qd3 Re7 43. Nf3 Rec7 44. h4 b2 45. Rb1 Rc1+ 46.
Kh2 Rxb1 47. Qxb1 Rc1 0-1

[Event "*** Titled Tuesday Blitz"]
[Site "Chess.com"]
[Date "2020.10.27"]
[Round "11"]
[White "emiliochess"]
[Black "IMprovidence"]
[Result "0-1"]
[WhiteElo "2302"]
[BlackElo "2430"]
[TimeControl "180+1"]
[EndTime "12:06:25 PDT"]
[Termination "IMprovidence won by checkmate"]

1. d4 Nf6 2. Bf4 d5 3. e3 c5 4. c3 Nc6 5. Bd3 Bg4 6. f3 Bd7 7. Nd2 e6 8. Qe2 Be7 9. Nh3 O-O 10. Nf2 Re8 11. dxc5 Bxc5 12. e4 e5 13. Bg5 d4 14.
O-O dxc3 15. bxc3 Be7 16. Nc4 Nh5 17. Bxe7 Qxe7 18. g3 Nf6 19. Rfd1 Red8 20. a4 Rac8 21.
Ne3 Be6 22. Bb5 a6 23. Bc4 Bxc4 24. Qxc4 Nd4 25. Qb4 Qxb4 26. cxb4 Nxf3+ 27. Kg2 Nd2 28. b5 Ndxe4 29. Nxe4 Nxe4 30. Nf5 Kf8 31. Rac1 g6 32. Nh6 axb5 33. axb5 Rxc1 34. Rxc1 Rd2+ 35. Kh3 Kg7 36. Ng4 Ng5+ 37. Kh4 Nf3+ 38. Kh3 h5 39. Rc7 hxg4+ 40. Kxg4 Nxh2+ 41. Kh3 Nf3 42. Rxb7 e4 43. Re7 Re2 44.
b6 Kf6 45. b7 Rh2+ 46. Kg4 Rb2 47. Rxe4 Nh2+ 48. Kh3 Rxb7 49. Kxh2 Kg5 50. Kh3 f5 51. Rc4 Rb2 52. Ra4 Re2 53. Rb4 Re3 54. Rc4 Re4 55. Rc3 Re1 56. Rc4 Re2 57. Rd4 Kf6 58. Ra4 g5 59. Rb4 g4+ 60. Rxg4 fxg4+ 61. Kxg4 Re4+ 62.
Kf3 Kf5 63. Kf2 Rg4 64. Kf3 Ra4 65. Ke3 Kg4 66. Kf2 Ra3 67. Kg2 Ra2+ 68. Kh1 Kxg3 69.
Kg1 Ra1# 0-1

[Event "*** Titled Tuesday Blitz"]
[Site "Chess.com"]
[Date "2020.10.27"]
[Round "11"]
[White "TheChessChannel"]
[Black "Jungle_Jaguar"]
[Result "1-0"]
[WhiteElo "2454"]
[BlackElo "2602"]
[TimeControl "180+1"]
[EndTime "12:06:27 PDT"]
[Termination "TheChessChannel won by checkmate"]

1. c4 Nf6 2. g3 g6 3. Bg2 Bg7 4.
Nc3 O-O 5. d3 d6 6. Bg5 h6 7. Bd2 Nc6 8. Qc1 Kh7 9. h4 e5 10.
Nf3 Nd4 11. Nxd4 exd4 12. Nb5 c5 13. Bf4 Ne8 14. Bf3 a6 15. Na3 Nf6 16. Nc2 Re8 17. b4 Bg4 18. Bxg4 Nxg4 19. f3 Ne3 20. Nxe3 dxe3 21.
Rb1 Bd4 22. bxc5 dxc5 23. Rxb7 Re7 24. Rxe7 Qxe7 25. Kf1 Ra7 26. Kg2 Rb7 27. Qd1 Rb2 28. a3 Qd8 29. g4 Qa5 30. Kg3 Qxa3 31. Qc1 Qa2 32. Bxe3 Rxe2 33. Bxd4 cxd4 34. Qf4 Kg7 35. Qxd4+ Kg8 36. g5 Rg2+ 37. Kf4 Qa5 38. gxh6 Qf5+ 39. Ke3 Qe6+ 40. Qe4 Qb6+ 41. d4 Rb2 42. h5 Rb3+ 43.
Kf2 Rb2+ 44. Kg3 Qc7+ 45. f4 Qxc4 46. h7+ Kh8 47. Qe5+ Kxh7 48. hxg6+ Kxg6 49. Qg5# 1-0

[Event "*** Titled Tuesday Blitz"]
[Site "Chess.com"]
[Date "2020.10.27"]
[Round "11"]
[White "TomiLen"]
[Black "UCantHandleDenker"]
[Result "1/2-1/2"]
[WhiteElo "2628"]
[BlackElo "2518"]
[TimeControl "180+1"]
[EndTime "12:06:28 PDT"]
[Termination "Game drawn by repetition"]

1. d4 Nf6 2. Bg5 g6 3. Bxf6 exf6 4. c4 h5 5. Nc3 f5 6. e3 Bh6 7. g3 d6 8. Bg2 Nd7 9. Nge2 c6 10. b4 Nf6 11. b5 Bd7 12. Rb1 h4 13. a4 Rb8 14. Qb3 O-O 15. O-O hxg3 16. hxg3 Rc8 17. Ra1 Ng4 18. Nf4 Re8 19. Nce2 Qf6 20. a5 Qh8 21. Rfe1 Bg5 22. a6 Qh2+ 23. Kf1 bxa6 24. Rxa6 cxb5 25. cxb5 Bxf4 26. Nxf4 Rb8 27. Rxa7 Bxb5+ 28. Nd3 Rf8 29. Qd1 Rfc8 30. Ra3 d5 31. Qd2 Bc4 32. Rea1 Rb3 33. Rxb3 Bxb3 34. Rc1 Rxc1+ 35. Nxc1 Bc4+ 36. Nd3 Kg7 37. Qe2 Qh8 38. Qd2 Qb8 39. Bf3 Nh2+ 40. Kg2 Nxf3 41. Kxf3 Bxd3 42. Qxd3 Qh8 43. Ke2 Qh5+ 44. Kd2 Qf3 45. Qe2 Qe4 46. Qd3 Qf3 47. Ke1 Kf6 48. Qe2 Qe4 49. Qa6+ Kg7 50.
Qa3 Qh1+ 51. Ke2 Qe4 52. Qd3 Qg4+ 53. Kd2 Qf3 1/2-1/2

[Event "*** Titled Tuesday Blitz"]
[Site "Chess.com"]
[Date "2020.10.27"]
[Round "11"]
[White "krasavetc"]
[Black "ChronicUnhappiness"]
[Result "1-0"]
[WhiteElo "2296"]
[BlackElo "2363"]
[TimeControl "180+1"]
[EndTime "12:06:29 PDT"]
[Termination "krasavetc won on time"]

1. Nf3 Nf6 2. e3 c5 3. d4 e6 4. dxc5 Bxc5 5. c4 O-O 6. Nc3 Nc6 7. Bd3 d5 8. cxd5 exd5 9. O-O Bg4 10. Be2 Rc8 11. Nd2 Bxe2 12. Qxe2 d4 13. Nce4 d3 14. Qf3 Be7 15. Nb3 Ne5 16. Nxf6+ Bxf6 17. Qxb7 a5 18.
Nd4 Nc4 19. Rd1 Bxd4 20. Rxd3 Nd6 21. Qd5 Bc5 22. Bd2 Nb7 23. Qe4 Qe7 24. Qa4 Bb4 25.
Rd7 Nc5 26. Rxe7 Nxa4 27. Bxb4 axb4 28. b3 Nc3 29. h3 Ra8 30. Rb7 Nxa2 31. Kh2 g6 32. e4 Rfd8 33. e5 Rd2 34. f4 Ra3 35. e6 fxe6 36. Re1 Ra6 37. Re3 Nc3 38. Rxb4 Nd5 39.
Rb8+ Kf7 40. Rg3 Nxf4 41. Rb7+ Kf6 42. Rxh7 Raa2 43. Rh4 Rxg2+ 44. Rxg2 Nxg2 45. Rb4 Nf4+ 46. Kg3 g5 47. h4 Rg2+ 48. Kf3 1-0

[Event "*** Titled Tuesday Blitz"]
[Site "Chess.com"]
[Date "2020.10.27"]
[Round "11"]
[White "BilodeauA"]
[Black "TigrVShlyape"]
[Result "0-1"]
[WhiteElo "2906"]
[BlackElo "2904"]
[TimeControl "180+1"]
[EndTime "12:06:32 PDT"]
[Termination "TigrVShlyape won on time"]

1. e4 c5 2. Nf3 e6 3. d4 cxd4 4. Nxd4 a6 5. Nc3 b5 6. Bd3 Qb6 7. Nf3 Qc7 8. O-O Bb7 9. Re1 Be7 10. Bd2 Nf6 11. e5 Nd5 12. Ne4 Nc6 13. c4 bxc4 14. Bxc4 Nxe5 15. Nxe5 Qxe5 16. Nc3 Qd4 17. Qb3 Nb6 18.
Bf1 Qb4 19. Qc2 Qd6 20. Rad1 Qc6 21. Qd3 O-O 22. Qg3 f5 23. Bf4 Rac8 24. Bd6 Bxd6 25. Rxd6 Qc5 26. Red1 Bc6 27. R6d4 a5 28. Rh4 Rf7 29.
Qh3 g6 30. Qg3 Rcf8 31. Qg5 Qe7 32. Qh6 g5 33. Rhd4 Qf6 34. Qh5 g4 35. Ne2 Rg7 36.
Nf4 Nd5 37. Nxd5 Bxd5 38. Bc4 Bc6 39. Rd6 Rg6 40. h4 gxh3 41. Qxh3 Bxg2 42. Qb3 Bf3+ 43. Kf1 Bxd1 44. Qxd1 Qg5 45. Rxd7 Qg1+ 46. Ke2 Qxd1+ 47. Kxd1 Rf7 48. Rd8+ Kg7 49. Ke2 h5 50. Rd6 h4 51.
Kf3 h3 52. Rd1 Kf6 53. Rh1 Rh7 54. a3 h2 0-1

[Event "*** Titled Tuesday Blitz"]
[Site "Chess.com"]
[Date "2020.10.27"]
[Round "11"]
[White "brunomorado"]
[Black "ajian"]
[Result "1-0"]
[WhiteElo "2424"]
[BlackElo "2344"]
[TimeControl "180+1"]
[EndTime "12:06:32 PDT"]
[Termination "brunomorado won by resignation"]

1. d4 Nf6 2. Nc3 d5 3. Bg5 Nbd7 4. Qd3 e6 5. e4 dxe4 6. Nxe4 Be7 7. Bxf6 Nxf6 8. g3 Bd7 9. Bg2 Nxe4 10. Bxe4 c6 11. Ne2 Bf6 12. f4 Qb6 13. O-O g6 14. c3 O-O 15. b4 a5 16. a3 Bg7 17. Qc4 e5 18. fxe5 Bxe5 19. Qc5 Qxc5 20. bxc5 Bg7 21. Rab1 Rab8 22.
Rb6 Rfe8 23. Bf3 Bf5 24. Rd1 Bh6 25. g4 Bc2 26. Rf1 Bd3 27. Rb2 Re3 28. Rf2 Rbe8 29. Ng3 Re1+ 30. Kg2 Ba6 31. Be2 Be3 32. Rf1 Rxf1 33.
Bxf1 Bc1 34. Rb3 Bxf1+ 35. Nxf1 Re7 36. a4 f5 37. Rb1 Bf4 38. gxf5 gxf5 39. Kf3 Bg5 40.
Ng3 Re3+ 41. Kf2 f4 42. Nf5 Rxc3 43. Rxb7 Rc4 44. Rb8+ Kf7 45. Nd6+ Ke6 46. Nxc4 Kd5 47. Nxa5 Kxd4 48. Nxc6+ Kxc5 49. Ne5 Kd5 50. Nf3 Bf6 51.
Rb5+ Kc4 52. Rf5 Bc3 53. Rxf4+ Kb3 54. Ng5 1-0

[Event "*** Titled Tuesday Blitz"]
[Site "Chess.com"]
[Date "2020.10.27"]
[Round "11"]
[White "DenLaz"]
[Black "Zhigalko_Sergei"]
[Result "1/2-1/2"]
[WhiteElo "2792"]
[BlackElo "2911"]
[TimeControl "180+1"]
[EndTime "12:06:34 PDT"]
[Termination "Game drawn by repetition"]

1. d4 Nf6 2. c4 e6 3. Nf3 b6 4. g3 Ba6 5. b3 Bb4+ 6. Bd2 Be7 7.
Bg2 c6 8. Bc3 d5 9. Nbd2 Nbd7 10. O-O O-O 11. Re1 c5 12. e4 Nxe4 13. Nxe4 dxe4 14.
Rxe4 Bb7 15. Re1 Bf6 16. Qd2 Qc7 17. dxc5 Bxc3 18. Qxc3 Nxc5 19. Rad1 Rad8 20. Ne5 Bxg2 21. Kxg2 f6 22. Nf3 e5 23. Qe3 Qc6 24. Kg1 a5 25. Nh4 Qe6 26. a3 Qg4 27. f3 Qe6 28. b4 axb4 29.
axb4 Na6 30. Qc3 Rc8 31. Rc1 Rfd8 32. Ng2 Qe7 33. c5 Qe6 34. c6 b5 35. Nf4 Qf7 36.
Ng2 Rd6 37. Ne3 Qe6 38. Red1 Rdxc6 39. Qb2 Rxc1 40. Rxc1 Rxc1+ 41. Qxc1 h6 42. Qc3 Qd6 43. Kg2 Nxb4 44. Nf5 Qf8 45. Qb3+ Kh8 46. Nh4 Kh7 47. Qb1+ Kg8 48. Qb3+ Kh7 49. Qb1+ Kg8 50. Qb3+ Kh7 1/2-1/2

[Event "*** Titled Tuesday Blitz"]
[Site "Chess.com"]
[Date "2020.10.27"]
[Round "11"]
[White "WhiteKnight2612"]
[Black "Shahinyan_ChessMood"]
[Result "1-0"]
[WhiteElo "2601"]
[BlackElo "2740"]
[TimeControl "180+1"]
[EndTime "12:06:37 PDT"]
[Termination "WhiteKnight2612 won by resignation"]

1. Nf3 Nf6 2. g3 c5 3. Bg2 g6 4.
O-O Bg7 5. d3 O-O 6. c4 Nc6 7.
Nc3 d5 8. cxd5 Nxd5 9. Bd2 e5 10.
Rb1 Re8 11. a3 a5 12. Nxd5 Qxd5 13. Bc3 Qd6 14. Nd2 a4 15. Nc4 Qc7 16. Ne3 Be6 17.
Nd5 Qd8 18. e4 Ne7 19. Ne3 Bb3 20. Qe2 Nc6 21. Nd5 Nd4 22. Qd2 b5 23. Bxd4 exd4 24.
Rbc1 Rc8 25. Bh3 Rc6 26. Nb4 cxb4 27. Rxc6 bxa3 28. bxa3 Bf8 29. Qb2 Qe7 30. Ra1 Rd8 31. Qd2 Qb7 32. Rcc1 b4 33. axb4 Bxb4 34. Qg5 Rb8 35.
Rcb1 Qc7 36. Bf1 Bc3 37. Rc1 Qd6 38. Rab1 a3 39. e5 Qe6 40. Bh3 Qxh3 41. Rxb3 Rxb3 42. Qd8+ Kg7 43. Qf6+ Kh6 44. Qf4+ Kh5 45. Qxf7 Rb6 46. Qxh7+ Kg4 47. Qd7+ Kf3 48. Qxh3 a2 49. Qg2+ Ke2 50. Qe4+ Kd2 51. Qe1+ Kxd3 52. Qd1+ Ke4 53. Qe2+ Kd5 54. Qxa2+ Kxe5 55. Rxc3 dxc3 56. Qa5+ Kd4 57. Qxb6+ Kd3 1-0

[Event "*** Titled Tuesday Blitz"]
[Site "Chess.com"]
[Date "2020.10.27"]
[Round "11"]
[White "vugarrasulov"]
[Black "GOGIEFF"]
[Result "0-1"]
[WhiteElo "2873"]
[BlackElo "2910"]
[TimeControl "180+1"]
[EndTime "12:06:38 PDT"]
[Termination "GOGIEFF won on time"]

1. c4 Nf6 2. Nc3 g6 3. g3 Bg7 4. Bg2 O-O 5. Nf3 Nc6 6. O-O a6 7. d3 Rb8 8. e4 b5 9. cxb5 axb5 10. e5 Ne8 11. Re1 b4 12. Nd5 d6 13. d4 Bg4 14.
Bg5 Qd7 15. Rc1 h6 16. exd6 exd6 17. Ne7+ Nxe7 18. Bxe7 Nf6 19. Bxf8 Kxf8 20. Qc2 Rc8 21. Qc4 Qa4 22. Nh4 g5 23. Nf3 Qa5 24. a3 bxa3 25. bxa3 Qxa3 26. Nd2 Qa5 27. Ne4 Be6 28. Qc2 Nxe4 29. Qxe4 d5 30. Qd3 Qb4 31. Red1 c6 32.
Qc3 Qxc3 33. Rxc3 Ke7 34. Ra3 Kd6 35. Ra6 Bd7 36. Bf1 Rb8 37. Ra4 g4 38. Bd3 h5 39.
Kg2 Rb2 40. Bh7 f5 41. Ra7 Rb4 42. Re1 Bxd4 43. Ra2 Bb6 44. Bg6 f4 45. gxf4 Rxf4 46. Bxh5 Bf5 47. Be8 Be4+ 48. Kg1 Rf8 49. Bh5 Rg8 50.
Rc1 g3 51. hxg3 Rxg3+ 52. Kh2 Rg5 53. Be8 c5 54. Ra6 Kc7 55. Rb1 Bxb1 0-1

[Event "*** Titled Tuesday Blitz"]
[Site "Chess.com"]
[Date "2020.10.27"]
[Round "11"]
[White "GelmanAlexander"]
[Black "Zq1"]
[Result "0-1"]
[WhiteElo "2571"]
[BlackElo "2507"]
[TimeControl "180+1"]
[EndTime "12:06:38 PDT"]
[Termination "Zq1 won by resignation"]

1. d4 d5 2. Nc3 Nf6 3. Bf4 a6 4. e3 e6 5. g4 h6 6. a3 c5 7. h4 Nc6 8. Bg2 cxd4 9. exd4 Qb6 10. g5 hxg5 11. hxg5 Rxh1 12. Bxh1 Ng8 13. g6 Qxd4 14.
gxf7+ Kxf7 15. Qf3 Nf6 16. Nge2 Qb6 17. O-O-O Bd7 18. Rg1 Nd4 19. Nxd4 Qxd4 20. Qg3 Rc8 21. Be5 Qc4 22. Qg6+ Ke7 23. Re1 Kd8 24. Qf7 Be7 25. Qxg7 Ne8 26. Qh8 b5 27. f4 a5 28. f5 b4 29. axb4 axb4 30. fxe6 bxc3 31. exd7 cxb2+ 32. Kd2 Qxc2+ 33. Ke3 Qc1+ 34. Kf2 Qxe1+ 35. Kxe1 b1=Q+ 36. Kf2 Qf5+ 37. Kg3 Qxd7 38. Bf3 Rc4 39. Qh6 Rc6 40. Qg7 Re6 41. Bg4 Qc6 42. Bf4 Rg6 43. Qe5 Rxg4+ 44.
Kxg4 Qd7+ 45. Kg3 Qd6 46. Qd4 Qc6 47. Qa7 Nf6 48. Qb8+ Kd7 49. Qa7+ Ke6 50. Qe3+ Ne4+ 51. Kg4 Bd6 52. Bg5 Be5 53. Qf3 Kd7 54. Qf5+ Qe6 0-1

[Event "*** Titled Tuesday Blitz"]
[Site "Chess.com"]
[Date "2020.10.27"]
[Round "11"]
[White "Fischerev7"]
[Black "keepitcoming"]
[Result "1-0"]
[WhiteElo "2438"]
[BlackElo "2538"]
[TimeControl "180+1"]
[EndTime "12:06:41 PDT"]
[Termination "Fischerev7 won by checkmate"]

1. e4 c6 2. d4 d5 3. Nc3 dxe4 4.
Nxe4 Nf6 5. Nxf6+ exf6 6. Be3 Bd6 7. Bd3 O-O 8. c3 Re8 9. Qc2 h5 10. Ne2 Nd7 11. O-O Nf8 12. Rad1 Be6 13. c4 Rc8 14. Rfe1 Qd7 15. Nf4 Bg4 16. Be2 Bf5 17. Bd3 Bg4 18.
Be2 Bxf4 19. Bxf4 Ng6 20. Be3 h4 21. h3 Bxh3 22. gxh3 Qxh3 23. Bf1 Qg4+ 24. Kh2 f5 25. Qe2 Qe4 26. Bg2 Qe6 27. Qf3 Qf6 28. Bh3 Ne7 29. b3 g6 30. Rg1 Qe6 31. Bf4 Rcd8 32. Be5 Kh7 33. Qf4 f6 34. Qxh4+ Kg7 35. Bf4 Rh8 36. Qg3 Qe4 37. Rde1 Rxd4 38. Rxe4 Rxe4 39. Rd1 Kf7 40.
Rd7 Re8 41. Bg2 Re6 42. b4 g5 43. Be3 Kg6 44. c5 f4 45. Bxf4 Kf5 46. Be3 g4 47. b5 Kg6 48. Qf4 Rxe3 49. Qxe3 Rh8+ 50. Kg1 Nf5 51. Qd3 Rh5 52. Be4 Rg5 53. Bxf5+ Rxf5 54. Qxf5+ Kxf5 55. bxc6 Kf4 56. Rd6 Kf3 57. cxb7 g3 58. b8=Q gxf2+ 59. Kf1 f5 60. Qb3+ Kg4 61. Rd4+ f4 62. Qe3 Kg5 63. Qxf4+ Kg6 64. Rd6+ Kg7 65.
Qg5+ Kh7 66. Rd7+ Kh8 67. Qg7# 1-0

[Event "*** Titled Tuesday Blitz"]
[Site "Chess.com"]
[Date "2020.10.27"]
[Round "11"]
[White "MatyChess1"]
[Black "nrvisakh"]
[Result "0-1"]
[WhiteElo "2567"]
[BlackElo "2711"]
[TimeControl "180+1"]
[EndTime "12:06:42 PDT"]
[Termination "nrvisakh won by checkmate"]

1. e4 c5 2. Nf3 Nc6 3. d4 cxd4 4.
Nxd4 Nf6 5. Nc3 e5 6. Ndb5 d6 7. Bg5 a6 8. Na3 b5 9. Bxf6 gxf6 10. Nd5 f5 11. g3 Bg7 12. Bg2 fxe4 13. Bxe4 O-O 14. c3 f5 15. Bg2 e4 16. Nc2 Ne5 17.
O-O Bb7 18. Nf4 Qf6 19. Ne3 Bh6 20. Ned5 Qf7 21. a4 Kh8 22. Qd4 Bg7 23. Qd1 bxa4 24.
Rxa4 Bc6 25. Rb4 Bb5 26. Re1 Nc6 27. Rxb5 axb5 28. Ne3 Rfd8 29. Qe2 Ne7 30. Qxb5 d5 31. Rd1 d4 32. cxd4 Rxd4 33. Rc1 Rad8 34. h4 R4d7 35. Qb6 Bd4 36. Qa5 Ng6 37. Nxg6+ hxg6 38. Nc2 Bg7 39.
h5 gxh5 40. Qb5 Rd5 41. Qe2 Rd2 42. Qe1 Bxb2 43. Rb1 Rxc2 44. Qe3 Bg7 45. Qf4 Rcd2 46. Bf1 Rd1 47. Rb6 Kg8 48. Kg2 Qd5 49. Rg6 e3+ 50.
Kh3 Rxf1 51. Qg5 Qh1# 0-1

[Event "*** Titled Tuesday Blitz"]
[Site "Chess.com"]
[Date "2020.10.27"]
[Round "11"]
[White "aleksey1203borisovi4"]
[Black "arminmusovic"]
[Result "0-1"]
[WhiteElo "2502"]
[BlackElo "2589"]
[TimeControl "180+1"]
[EndTime "12:06:42 PDT"]
[Termination "arminmusovic won by resignation"]

1. g3 h5 2. Bg2 h4 3. gxh4 Rxh4 4. d4 d5 5. Nc3 c5 6. Nf3 Rg4 7. Bh3 Rxd4 8. Nxd4 Bxh3 9. Nb3 e6 10. Bf4 a6 11.
Qd2 d4 12. Ne4 Bg2 13. Ng3 Bxh1 14. Nxh1 Nc6 15. O-O-O e5 16. Bg3 c4 17. Na1 Bb4 18.
c3 dxc3 19. bxc3 Qxd2+ 20. Kxd2 Rd8+ 21. Kc2 Rxd1 22. Kxd1 Bxc3 23. Nc2 b5 24. f4 Nf6 25.
fxe5 Nxe5 26. Nf2 Neg4 27. Nh3 Ne4 28. Bf4 f6 29. e3 g5 30. Bc7 Kd7 31. Bb8 Kc8 32.
Ba7 Nxh2 33. Ke2 Be5 34. Ng1 g4 35. Nb4 Kb7 36. Bd4 a5 37. Nd5 Kc6 38. Ne7+ Kd7 39. Nf5 Bxd4 40. Nxd4 Nc3+ 41. Kd2 b4 42. a3 Nb1+ 43.
Kc2 Nxa3+ 44. Kb2 Nf3 45. Ngxf3 gxf3 46. Nxf3 Kd6 47. Nd4 Kd5 48. Ka2 Ke4 49. Nc6 Kxe3 50. Nxa5 Nc2 51. Nxc4+ Kd4 52. Nd6 Kd5 53. Nf5 Nd4 54.
Ne3+ Ke4 55. Nc4 f5 56. Nd6+ Kd5 57. Nf7 f4 58. Kb2 f3 59. Ng5 f2 60. Nh3 f1=Q 0-1